Description

Here is my introduction of my own build. I do it almost every time on ladder against Zerg. It's an all-in Immortal / Adept / Sentry. This build order is really powerful and hard to stop before GM league. The goal is to do a fake drop then an all-in with 2 Immortals, 3 sentries and mass adepts with glaive (on 8 gates). My winrate is around 75% using only this build in Master 1 / Low GM.

Notes :

  • Stop at 15 probes on expand
  • Clean the third expand spot to fake an expand
  • If you play against banelings, use your forcefields to protect your army
  • If you can't win with it (for example : He cuts his drones and he play with mass roach) : Switch to zealot charge and do another push after the first one

VOD

https://youtu.be/zTUckgWyijk

Replay - PvZ zuka build

Build Order

Get SALT Encoding   

  12  0:01  Probe  
  13  0:13  Probe  
  14  0:19  Pylon  
  14  0:21  Probe  
  15  0:33  Probe  
  15  0:41  Gateway  
  16  0:44  Probe  
  16  0:48  Assimilator  
  17  0:55  Probe  
  18  1:04  Pylon, Probe  
  19  1:12  Probe  
  20  1:27  Nexus  
  20  1:37  Cybernetics Core  
  20  1:39  Probe  
  21  1:44  Assimilator  
  21  1:51  Probe  
  22  1:55  Pylon  
  23  2:13  Adept  
  23  2:15  Warp Gate  
  27  2:26  Death Council  
  28  2:41  Sentry  
  34  2:58  Robotics Facility  
  34  3:03  Gateway  
  34  3:08  Adept  
  38  3:21  Resonating Glaives  
  38  3:26  Gateway  
  40  3:34  Gateway  
  40  3:37  Warp Prism  
  45  3:51  Pylon  
  45  4:05  Gateway  
  45  4:06  Pylon  
  45  4:18  Immortal, Sentry x2  
  53  4:36  Gateway x2  
  53  4:43  Adept x2, Gateway x2  
  53  4:45  Immortal  
  61  5:08  Adept x4  
  69  5:33  Adept x2  
Spawning Tool Build Advisor. Get it on Overwolf

Go to:

Details

  • Created by: zuka      
  • Published on: Jun 01, 2018
  • Modified on: Aug 14, 2018
  • Patch: 4.0.0
Show
View Real Time Build Order
Export as new Build Order

Comments (0)

There are no comments. Be the first!

Create an account to comment!